 Dungeon Crawl Stone Soup version 0.30.1-3-gfc49f6343a (webtiles) character file.

Game seed: 18161350613626142895

85 CaptainMV the Covered (level 4, -1/32 HPs)
             Began as a Demonspawn Wanderer on July 21, 2023.
             Slain by a gnoll
             ... wielding a +0 flail
              (9 damage)
             ... on level 2 of the Dungeon.
             The game lasted 00:09:57 (1080 turns).

CaptainMV the Covered (Demonspawn Wanderer)         Turns: 1080, Time: 00:09:58

Health: -1/32      AC:  8    Str: 14    XL:     4   Next: 25%
Magic:  5/5        EV: 11    Int: 16    God:
Gold:   60         SH:  0    Dex: 10    Spells: 4/5 levels left

rFire   . . .        a - +2 hand axe (heavy)
rCold   . . .        (no shield)
rNeg    . . .        c - +1 scale mail
rPois   .            (no helmet)
rElec   .            (no cloak)
rCorr   .            (no gloves)
SInv    .            (no boots)
Will    .....        (no amulet) Stlth
                     (no ring)
HPRegen 0.25/turn    (no ring)
MPRegen 0.09/turn

%: no passive effects
@: no status effects
A: repulsion field 1
a: no special abilities


You were on level 2 of the Dungeon.
You visited 1 branch of the dungeon, and saw 2 of its levels.

You collected 60 gold pieces.

Inventory:

Hand Weapons
 a - a +2 heavy hand axe (weapon)
 g - a +0 club
 i - a +0 hand axe
Missiles
 l - 2 silver javelins (quivered)
Armour
 c - a +1 scale mail (worn)
Jewellery
 h - an amulet of the acrobat
Scrolls
 b - 2 scrolls of teleportation
 e - 3 scrolls of enchant armour
 f - a scroll of blinking {unknown}
 j - a scroll of poison {unknown}
Potions
 d - a potion of might
 k - a potion of curing {unknown}
 m - a potion of lignification {unknown}


   Skills:
 + Level 1.2 Fighting
 + Level 1.6 Axes
 + Level 4.3 Armour
 + Level 0.1 Dodging
 + Level 1.3 Spellcasting
 + Level 3.1 Translocations
 + Level 1.0 Fire Magic


You had 4 spell levels left.
You knew the following spells:

 Your Spells              Type           Power      Damage    Failure   Level
a - Apportation           Tloc           22%        N/A       24%         1

Your spell library contained the following spells:

 Spells                   Type           Power      Damage    Failure   Level
 Foxfire                  Conj/Fire      8%         2x1d4     58%         1
 Teleport Other           Tloc           11%        N/A       58%         3
 Beastly Appendage        Tmut           2%         N/A       65%         1
 Volatile Blastmotes      Fire/Tloc      14%        2d11      75%         3
 Wereblood                Tmut           1%         N/A       80%         2
 Vhi's Electric Charge    Tloc/Air       12%        N/A       80%         3
 Spider Form              Tmut/Pois      1%         N/A       95%         3


Dungeon Overview and Level Annotations

Branches:
Dungeon (2/15)

Altars:


Innate Abilities, Weirdness & Mutations

You are surrounded by a mild repulsion field. (EV +2)


Message History

The gnoll is lightly wounded.
The gnoll hits you but does no damage. The gnoll hits you with a +0 whip.
You barely miss the gnoll.
The gnoll is lightly wounded.
The gnoll misses you. The gnoll hits you with a +0 whip.
You hit the gnoll.
The gnoll is severely wounded.
The gnoll misses you. The gnoll hits you but does no damage.
You slash the gnoll!
You kill the gnoll!
You have reached level 4!
You feel agile.
You see here a +0 whip.
A gnoll comes into view. It is wielding a +0 spear.
A gnoll comes into view. It is wielding a +0 club.
The gnoll shouts!
A gnoll comes into view. It is wielding a +0 flail.
The gnoll barely misses you.
You slash the gnoll!
The gnoll is severely wounded.
The gnoll hits you from afar with a +0 spear.
The gnoll hits you with a +0 spear. The gnoll hits you with a +0 flail.
The gnoll hits you but does no damage.
You closely miss the gnoll. You hit the gnoll but do no damage. x2
The gnoll barely misses you. The gnoll completely misses you.
The gnoll closely misses you. The gnoll hits you with a +0 club.
The gnoll misses you. The gnoll hits you with a +0 flail.
You slash the gnoll!
The gnoll is severely wounded.
You hit the gnoll.
You kill the gnoll!
You hit the gnoll. The gnoll hits you with a +0 spear.
* * * LOW HITPOINT WARNING * * *
The gnoll closely misses you. The gnoll hits you but does no damage.
The gnoll barely misses you.
You slash the gnoll!
The gnoll is almost dead.
You barely miss the gnoll. The gnoll misses you.
The gnoll hits you with a +0 flail!
You die...

################
..........##...#
#.......##.#.#
.#........).#.#
...........###.#####
..........##.#.....#
...........@g#.###.###
........##)#g### #...#
....######.#... ###.#
#... .....#.##...# #.#
......#.##.###
.#.#####.##.#
#.#.#..... #.# #
#.#..#. #.# # #... #.#


You could see 2 gnolls.

Vanquished Creatures
  Crazy Yiuf (D:2)
  2 gnolls (D:2)
  4 endoplasms
  3 giant cockroaches
  6 goblins
  4 hobgoblins (D:1)
  3 kobolds (D:1)
  5 ball pythons
  4 bats
  2 frilled lizards
  3 rats
37 creatures vanquished.

Notes
Turn   | Place    | Note
-------+----------+-------------------------------------------
     0 | D:1      | CaptainMV the Demonspawn Wanderer began the quest for the
                  | Orb.
     0 | D:1      | CaptainMV set off with the following items: a +0 club, a
                  | scroll of teleportation, a +0 scale mail; and the following
                  | spells available to memorise: Apportation, Foxfire,
                  | Teleport Other, Volatile Blastmotes, Vhi's Electric Charge.
     0 | D:1      | Reached XP level 1. HP: 15/15 MP: 2/2
     2 | D:1      | Learned a level 1 spell: Apportation
   289 | D:1      | Gained mutation: You are surrounded by a mild repulsion
                  | field. (EV +2) [demonic ancestry]
   289 | D:1      | Reached XP level 2. HP: 21/21 MP: 3/3
   607 | D:1      | Reached skill level 4 in Armour
   612 | D:1      | Found a faded altar of an unknown god.
   958 | D:2      | Reached XP level 3. HP: 26/26 MP: 2/4
   972 | D:2      | Reached skill level 1 in Axes
   998 | D:2      | Found a runed translucent door.
   999 | D:2      | Noticed Crazy Yiuf
  1008 | D:2      | Killed Crazy Yiuf
  1068 | D:2      | Reached XP level 4. HP: 26/32 MP: 5/5
  1080 | D:2      | Slain by a gnoll

Illustrated notes

Levels and vault maps discovered:
D:1:      dpeg_arrival_refuge, layout_basic,
          shapermc_ecumenical_altar_mp_vishouse
D:2:      layout_basic, basic_altar, uniq_natasha, uniq_sigmund,
          uniq_crazy_yiuf_cottage

Skill      XL: |  1  2  3 |
---------------+----------+-----
Translocations | 3 |  3.1
Armour         | 4 |  4.3
Axes           | 1 |  1.6
Fighting       | |  1.2
Dodging        | |  0.1
Spellcasting   | |  1.3
Fire Magic     | |  1.0

Action                     |  1- 3 |  4- 6 || total
---------------------------+-------+-------++-------
  Melee: Hand axe          |    57 |     4 ||    61
  Throw: Javelin           |     1 |       ||     1
   Cast: Apportation       |     5 |       ||     5
    Use: Scroll            |     3 |       ||     3
 Armour: Scale mail        |    37 |     2 ||    39
  Dodge: Dodged            |    47 |     8 ||    55
